 Dungeon Crawl Stone Soup version 0.27.1-33-g824d729ab1 (webtiles) character file.

Game seed: 15455298895624432404

20 Brecoman the Stinger (level 2, 0/18 HPs)
             Began as an Octopode Venom Mage on Dec 1, 2021.
             Was a Follower of Jiyva.
             Succumbed to an adder's poison
             ... on level 2 of the Dungeon.
             The game lasted 00:04:38 (1688 turns).

Brecoman the Stinger (Octopode Venom Mage)          Turns: 1688, Time: 00:04:38

Health: 0/18       AC:  1    Str:  7    XL:     2   Next: 79%
Magic:  1/5        EV: 13    Int: 17    God:    Jiyva [*.....]
Gold:   0          SH:  0    Dex: 12    Spells: 4/5 levels left

rFire    . . .     SeeInvis .   c - +0 dagger
rCold    . . .     Faith    .   (no shield)
rNeg     . . .     Spirit   .   (helmet restricted)
rPois    .         Reflect  .   (no amulet)
rElec    .         Harm     .   (no ring)
rCorr    .         Rampage  .   (no ring)
Will     .....                  (no ring)
Stlth    +++.......             (no ring)
HPRegen  0.06/turn              (no ring)
MPRegen  0.09/turn              (no ring)
                                (no ring)
                                (no ring)

@: lethally poisoned (0 -> -3)
A: almost no armour, amphibious, 8 rings, camouflage 1, gelatinous body 1,
(nimble swimmer 1), tentacles
a: Renounce Religion, Request Jelly


You were on level 2 of the Dungeon.
You worshipped Jiyva.
Jiyva was aware of your devotion.
You visited 1 branch of the dungeon, and saw 2 of its levels.

Inventory:

Hand Weapons
 c - a +0 dagger (weapon)
Missiles
 a - 8 boomerangs
 e - 20 stones
Scrolls
 d - a scroll of amnesia {unknown}
 f - 2 scrolls of teleportation {unknown}
Potions
 b - a potion of ambrosia {unknown}


   Skills:
 + Level 0.8 Fighting
 - Level 2.0 Dodging
 + Level 3.1 Stealth
 + Level 2.2 Spellcasting
 + Level 1.4 Transmutations
 + Level 3.9 Poison Magic


You had 4 spell levels left.
You knew the following spells:

 Your Spells              Type           Power      Damage    Failure   Level
a - Sting                 Tmut/Pois      40%        1d5       6%          1

Your spell library contained the following spells:

 Spells                   Type           Power      Damage    Failure   Level
 Poisonous Vapours        Pois/Air       16%        N/A       13%         2
 Mephitic Cloud           Conj/Pois/Air  6%         N/A       32%         3
 Olgreb's Toxic Radiance  Pois           15%        N/A       36%         4


Dungeon Overview and Level Annotations

Branches:
Dungeon (2/15)

Altars:
Jiyva


Innate Abilities, Weirdness & Mutations

You cannot wear most types of armour.
You are amphibious.
You can wear up to eight rings at the same time.
Your skin changes colour to match your surroundings (Stealth+).
Your rubbery body absorbs attacks. (AC +1, EV +1)
((You are camouflaged near water. (Stealth+)))
You have tentacles for arms and can constrict up to eight enemies at once.


Message History

You hear a distant slurping noise. x5
You hear a squelching noise.
You hear a distant slurping noise. x3
HP restored.
You open the door.
Found a stone staircase leading down.
There is an open door here.
There is an open door here.
Found a stone staircase leading up.
You hear a distant slurping noise.
An adder comes into view.
Found 18 sling bullets.
The adder hisses angrily.
The adder misses you.
You hit the adder. Your grab misses the adder.
The adder is lightly wounded.
The adder bites you. x2
You are too injured to fight recklessly!
You are too injured to fight recklessly!
The adder misses you. The adder barely misses you. The adder bites you.
* * * LOW HITPOINT WARNING * * *
The adder bites you.
* * * LOW HITPOINT WARNING * * *
You hear a distant slurping noise.
Jiyva appreciates your sacrifice. The adder closely misses you.
The adder misses you. The adder misses you. The adder misses you.
The adder bites you.
* * * LOW HITPOINT WARNING * * *
You are lethally poisoned!
The adder poisons you!
* * * LOW HITPOINT WARNING * * *
You feel sick. The adder barely misses you.
* * * LOW HITPOINT WARNING * * *
You feel sick.
You die...

..#..# #...# #.#..###### +#J..#+
#...#
#.#.......####.....#####...#
####.#.#####..............#...#
#.J.J....#.#.......8..........##
#.##.#.#...#.....J..............
##.##.#.#.#.#.####S....#####..###
.#.##.#.###.#.##..#...#'.###..#<.
.#.##.#.....#.#.@.#...#...##..###
.#.##.#######.#<.##...##.>##.....
.........# #.####.....#####.####
.#..........### #.##### #.#
.#.##....#.## #.#########.#
.#.####### .. #...........# .#.#
############# .#.# .#.#


You could see an adder and a neutral jelly (wandering) (fellow slime).

Vanquished Creatures
  2 dart slugs
  A bat (D:1)
  An endoplasm (D:1)
  2 goblins (D:1)
  A hobgoblin (D:2)
  2 ball pythons (D:1)
  2 frilled lizards (D:1)
  3 kobolds (D:1)
  2 rats (D:1)
16 creatures vanquished.

Vanquished Creatures (others)
  An adder (D:2)
  5 ball pythons (D:2)
  3 bats
  An endoplasm (D:2)
  A goblin (D:2)
  4 hobgoblins (D:2)
  A frilled lizard (D:1)
  A kobold (D:2)
17 creatures vanquished.

Grand Total: 33 creatures vanquished

Notes
Turn   | Place    | Note
-------+----------+-------------------------------------------
     0 | D:1      | Brecoman the Octopode Venom Mage began the quest for the
                  | Orb.
     0 | D:1      | Reached XP level 1. HP: 11/11 MP: 3/3
   478 | D:1      | Found a faded altar of an unknown god.
   821 | D:1      | Became a worshipper of Jiyva Jiqishra the Shapeless
   821 | D:1      | Reached * piety under Jiyva
   915 | D:1      | Reached XP level 2. HP: 18/18 MP: 5/5
  1688 | D:2      | Succumbed to an adder's poison

Illustrated notes

Levels and vault maps discovered:
D:1:      co_arrival_random_square_maze, layout_loops_ring,
          dreamdust_ecumenical_altar_statues
D:2:      layout_basic, basic_altar, grunt_ministairs_6

Skill      XL: |  1  2 |
---------------+-------+-----
Stealth        | 3 |  3.1
Fighting       | |  0.8
Dodging        | |  2.0
Spellcasting   | |  2.2
Transmutations | |  1.4
Poison Magic   | |  3.9

Action                   || total
-------------------------++-------
Melee: Unarmed           ||    16
       Constrict         ||     9
       Dagger            ||    22
       Tentacles         ||     7
 Cast: Sting             ||     6
Invok: Request Jelly     ||     5
 Stab: Sleeping          ||     6
Armor: Skin              ||     5
Dodge: Dodged            ||    28
